 Dungeon Sprint DCSS version 0.26-a0-682-g294304f6e8 (webtiles) character file.

Game seed: 9256037405600736255

16247 mhtbhm the Fencer (level 12, -1/124 HPs)
             Began as a Minotaur Fighter on Oct 20, 2020.
             Was the Champion of Okawaru.
             Killed from afar by a fire giant (36 damage)
             ... with a fireball
             ... in the Dungeon (Sprint IX: "|||||||||||||||||||||||||||||").
             The game lasted 00:03:50 (2023 turns).

mhtbhm the Fencer (Minotaur Fighter)                Turns: 2023, Time: 00:03:51

Health: -1/124     AC: 21    Str: 29    XL:     12   Next: 8%
Magic:  11/11      EV: 13    Int:  2    God:    Okawaru [******]
Gold:   50         SH: 24    Dex: 10    Spells: 11/11 levels left

rFire    . . .     SeeInvis .   a - +2 scimitar (flame)
rCold    + + +     Faith    .   c - +1 tower shield
rNeg     . . .     Spirit   .   b - +2 plate armour of Itusex {rC+++ Regen+ rCorr Int-3}
rPois    .         Reflect  .   (helmet restricted)
rElec    .         Harm     .   w - +0 cloak
rCorr    +         Rampage  .   (no gloves)
MR       .....     NoTele   +   o - +0 pair of boots
Stlth    ..........             (no amulet)
HPRegen  0.70/turn              p - +3 ring of strength
MPRegen  0.12/turn              q - +2 ring of evasion

@: no status effects
A: retaliatory headbutt, horns 2
a: Heroism, Finesse, Renounce Religion


You were in the Dungeon.
You worshipped Okawaru.
Okawaru was exalted by your worship.
You visited 1 branch You collected 1924 gold pieces.
You spent 1874 gold pieces at shops.

Inventory:

Hand Weapons
 a - a +2 scimitar of flaming (weapon)
Missiles
 x - 2 curare-tipped darts (quivered)
Armour
 b - the +2 plate armour of Itusex (worn) {rC+++ Regen+ rCorr Int-3}
   (Okawaru gifted it to you in the Dungeon)

   It affects your intelligence (-3).
   It renders you almost immune to cold.
   It increases your rate of regeneration.
   It provides partial protection from all sources of acid and corrosion.
 c - a +1 tower shield (worn)
 o - a +0 pair of boots (worn)
 w - a +0 cloak (worn)
Jewellery
 p - a +3 ring of strength (left hand)
 q - a +2 ring of evasion (right hand)
 s - an uncursed ring of protection from cold
 C - an uncursed ring of protection from fire
Wands
 n - a wand of acid (13)
 B - a wand of enslavement (2)
Scrolls
 j - 3 scrolls of blinking
 l - 3 scrolls of remove curse
 m - 2 scrolls of amnesia
 t - 2 scrolls of enchant weapon
 u - 3 scrolls of fog
 v - 3 scrolls of identify
 z - a scroll of enchant armour
 E - 2 scrolls of fear
Potions
 d - 3 potions of might
 e - 11 potions of curing
 f - 14 potions of heal wounds
 g - 3 potions of haste
 h - 4 potions of magic
 i - a potion of berserk rage
 k - a potion of invisibility
 r - a potion of brilliance
 D - a potion of stabbing
Miscellaneous
 y - a tin of tremorstones (3/3)
 A - a phantom mirror


   Skills:
 + Level 16.6 Fighting
 + Level 19.1 Long Blades
 + Level 12.9 Armour
 + Level 9.8 Dodging
 + Level 3.0 Stealth
 + Level 18.4 Shields
 + Level 1.0 Invocations
 + Level 2.8 Evocations


You had 11 spell levels left.
You didn't know any spells.
Your spell library was empty.

Dungeon Overview and Level Annotations

Branches:
Dungeon (1/1)

Altars:
Cheibriados
Dithmenos
Elyvilon
Fedhas
Gozag
Hepliaklqana
Kikubaaqudgha
Makhleb
Nemelex Xobeh
Okawaru
Qazlal
Ru
Sif Muna
Trog
Uskayaw
Vehumet
Wu Jian
Xom
Yredelemnul
Zin
The Shining One
Beogh
Jiyva
Lugonu

Shops:
D !}*!


Innate Abilities, Weirdness & Mutations

You reflexively headbutt those who attack you in melee.
You have a pair of horns on your head.


Message History

You feel stronger. x2
Unknown command.
The fire giant gestures at you while chanting.
The fireball explodes!
The fireball engulfs you!!
The fireball engulfs the fire giant!
The fire giant resists.
You slice the fire giant!! You burn the fire giant.
You headbutt the fire giant!
The fire giant is heavily wounded.
The fire giant points at you and mumbles some strange words.
The bolt of fire hits you!!
* * * LOW HITPOINT WARNING * * *
You completely miss the fire giant.
The fire giant is heavily wounded.
The fire giant casts a spell at you. The bolt of fire misses you.
You hit the fire giant but do no damage.
The fire giant is heavily wounded.
The fire giant points at you and mumbles some strange words.
The fireball explodes!
The fireball engulfs you!!!
You die...

......'†††.†....(.('..[[.[..'....
▓▓▓▓▓▓▓▓▓▓▓▓▓▓▓▓▓▓▓▓▓▓▓▓▓▓▓▓▓▓▓▓.
.................................
▓▓▓▓▓▓▓▓▓▓▓▓▓▓▓▓▓▓▓▓▓▓▓▓▓▓▓▓▓▓▓▓▓
)....))))).∩.∩.∩.∩.....'.........
▓▓▓▓▓▓▓▓▓▓▓▓▓▓▓▓▓▓▓▓▓▓▓▓▓▓▓▓▓▓▓▓.
...............).................
▓▓▓▓▓▓▓▓▓▓▓▓▓▓▓▓▓▓▓▓▓▓▓▓▓▓▓▓▓▓▓▓▓
.....)(([.).....@CS....+
▓▓▓▓▓▓▓▓▓▓▓▓▓▓▓▓▓▓▓▓▓▓▓▓


You could see a fire giant and a guardian serpent.

Vanquished Creatures
  A sphinx (D)
  A yaktaur captain (D)
  A boulder beetle (D)
  A hydra (D)
  A death knight (D)
  2 centaur warriors (D)
  A two-headed ogre (D)
  A wizard (D)
  An orc knight (D)
  A deep elf mage (D)
  2 lindwurms (D)
  4 orc sorcerers (D)
  An ugly thing (D)
  An elephant (D)
  Maurice (D)
  3 cane toads (D)
  Psyche (D)
  A komodo dragon (D)
  A troll (D)
  A hornet (D)
  A tengu conjurer (D)
  A tyrant leech (D)
  A yak (D)
  4 wyverns (D)
  4 water moccasins (D)
  An ice beast (D)
  8 orc warriors (D)
  An ogre (D)
  2 centaurs (D)
  A wolf (D)
  4 bullfrogs (D)
  A scorpion (D)
  5 orc priests (D)
  10 orc wizards (D)
  A worker ant (D)
  3 white imps (D)
  An ooze (D)
  An adder zombie (D)
  An adder skeleton (D)
  5 worms (D)
  2 dart slugs (D)
  12 orcs (D)
  A bat skeleton (D)
  A bat zombie (D)
  A hobgoblin (D)
  A kobold (D)
101 creatures vanquished.

Notes
Turn   | Place    | Note
-------+----------+-------------------------------------------
     0 | D        | mhtbhm the Minotaur Fighter began the quest for the Orb.
     0 | D        | Reached XP level 1. HP: 19/19 MP: 0/0
    16 | D        | Reached XP level 2. HP: 22/28 MP: 1/1
    18 | D        | Reached skill level 3 in Long Blades
   134 | D        | Noticed a scorpion
   134 | D        | Noticed an ogre
   139 | D        | Reached skill level 5 in Fighting
   143 | D        | Reached skill level 5 in Armour
   143 | D        | Reached skill level 5 in Shields
   145 | D        | Reached XP level 3. HP: 26/36 MP: 2/2
   148 | D        | Killed a scorpion
   148 | D        | Reached skill level 5 in Long Blades
   148 | D        | Reached XP level 4. HP: 34/45 MP: 3/3
   154 | D        | Killed an ogre
   154 | D        | Reached skill level 6 in Long Blades
   154 | D        | Reached skill level 1 in Dodging
   154 | D        | Reached XP level 5. HP: 40/52 MP: 4/4
   161 | D        | Found a roughly hewn altar of Beogh.
   161 | D        | Found a snail-covered altar of Cheibriados.
   161 | D        | Found a shadowy altar of Dithmenos.
   161 | D        | Found a white marble altar of Elyvilon.
   161 | D        | Found a blossoming altar of Fedhas.
   161 | D        | Found an opulent altar of Gozag.
   162 | D        | Found a hazy altar of Hepliaklqana.
   163 | D        | Found a viscous altar of Jiyva.
   164 | D        | Found an ancient bone altar of Kikubaaqudgha.
   165 | D        | Found a corrupted altar of Lugonu.
   166 | D        | Found a burning altar of Makhleb.
   167 | D        | Found a sparkling altar of Nemelex Xobeh.
   168 | D        | Found an iron altar of Okawaru.
   169 | D        | Found a stormy altar of Qazlal.
   170 | D        | Found a sacrificial altar of Ru.
   171 | D        | Found a shimmering blue altar of Sif Muna.
   172 | D        | Found a bloodstained altar of Trog.
   173 | D        | Found a hide-covered altar of Uskayaw.
   174 | D        | Found a radiant altar of Vehumet.
   175 | D        | Found an ornate altar of the Wu Jian Council.
   176 | D        | Found a shimmering altar of Xom.
   177 | D        | Found a basalt altar of Yredelemnul.
   178 | D        | Found a glowing silver altar of Zin.
   182 | D        | Became a worshipper of Warmaster Okawaru
   225 | D        | Found a glowing golden altar of the Shining One.
   278 | D        | Noticed a wyvern
   278 | D        | Noticed a centaur
   293 | D        | Killed a wyvern
   293 | D        | Reached skill level 8 in Long Blades
   293 | D        | Reached XP level 6. HP: 43/62 MP: 5/5
   302 | D        | Reached skill level 9 in Long Blades
   430 | D        | Noticed a troll
   430 | D        | Noticed a hornet
   430 | D        | Noticed a deep elf mage
   430 | D        | Noticed an ice beast
   430 | D        | Noticed a two-headed ogre
   436 | D        | Killed a troll
   436 | D        | Reached * piety under Okawaru
   436 | D        | Reached skill level 10 in Long Blades
   436 | D        | Reached skill level 10 in Shields
   436 | D        | Reached XP level 7. HP: 52/70 MP: 6/6
   440 | D        | Killed a hornet
   440 | D        | Reached ** piety under Okawaru
   440 | D        | Reached skill level 10 in Fighting
   440 | D        | Reached skill level 11 in Long Blades
   443 | D        | Killed a deep elf mage
   443 | D        | Reached XP level 8. HP: 52/80 MP: 7/7
   448 | D        | Reached skill level 12 in Long Blades
   448 | D        | Reached skill level 5 in Dodging
   454 | D        | Killed a two-headed ogre
   454 | D        | Reached *** piety under Okawaru
   454 | D        | Reached skill level 13 in Long Blades
   454 | D        | Reached skill level 1 in Stealth
   455 | D        | Reached **** piety under Okawaru
   455 | D        | Reached XP level 9. HP: 19/89 MP: 8/8
   872 | D        | Noticed a cane toad
   874 | D        | Noticed a cane toad
   884 | D        | Killed a cane toad
   884 | D        | Reached skill level 14 in Long Blades
   890 | D        | Killed a cane toad
   905 | D        | Noticed a five-headed hydra
   905 | D        | Noticed an elephant
   905 | D        | Noticed a komodo dragon
   913 | D        | Killed a three-headed hydra
   913 | D        | Reached ***** piety under Okawaru
   913 | D        | Reached skill level 15 in Long Blades
   917 | D        | Killed an elephant
   917 | D        | Reached XP level 10. HP: 77/97 MP: 9/9
   921 | D        | Reached skill level 15 in Shields
   924 | D        | Received a gift from Okawaru
   924 | D        | Reached skill level 10 in Armour
   927 | D        | Noticed a cane toad
   930 | D        | Reached skill level 16 in Long Blades
   934 | D        | Killed a cane toad
   945 | D        | Got a jewelled plate armour {god gift}
   951 | D        | Identified the +2 plate armour of Itusex {rC+++ Regen+
                  | rCorr Int-3} (Okawaru gifted it to you in the Dungeon)
  1059 | D        | Noticed a lindwurm
  1063 | D        | Noticed a lindwurm
  1065 | D        | Killed a lindwurm
  1065 | D        | Reached skill level 1 in Evocations
  1078 | D        | Killed a lindwurm
  1158 | D        | Noticed Psyche
  1167 | D        | Killed Psyche
  1319 | D        | Noticed an orc knight
  1330 | D        | Noticed an orc sorcerer
  1333 | D        | Killed an orc knight
  1333 | D        | Reached skill level 17 in Long Blades
  1344 | D        | Reached XP level 11. HP: 91/110 MP: 10/10
  1350 | D        | Killed an orc sorcerer
  1497 | D        | Found Ofeps's Distillery.
  1497 | D        | Noticed an orc sorcerer
  1498 | D        | Noticed an orc sorcerer
  1504 | D        | Killed an orc sorcerer
  1511 | D        | Killed an orc sorcerer
  1512 | D        | Found Oghuc's Gadget Shoppe.
  1519 | D        | Found Ofoxei's General Store.
  1573 | D        | Found Tos Igyt's Distillery.
  1577 | D        | Noticed an orc sorcerer
  1582 | D        | Killed an orc sorcerer
  1582 | D        | Received a gift from Okawaru
  1662 | D        | Bought a tin of tremorstones (3/3) for 480 gold pieces
  1662 | D        | Bought a wand of acid (9) for 312 gold pieces
  1664 | D        | Bought a scroll of enchant armour for 90 gold pieces
  1666 | D        | Bought a potion of curing for 36 gold pieces
  1666 | D        | Bought a potion of might for 48 gold pieces
  1666 | D        | Bought a potion of curing for 36 gold pieces
  1666 | D        | Bought a potion of heal wounds for 60 gold pieces
  1666 | D        | Bought a potion of heal wounds for 60 gold pieces
  1666 | D        | Bought a potion of curing for 36 gold pieces
  1666 | D        | Bought a potion of might for 48 gold pieces
  1672 | D        | Bought a potion of haste for 110 gold pieces
  1672 | D        | Bought a potion of heal wounds for 55 gold pieces
  1672 | D        | Bought a potion of curing for 33 gold pieces
  1672 | D        | Bought a potion of haste for 110 gold pieces
  1674 | D        | Bought a phantom mirror for 360 gold pieces
  1704 | D        | Noticed Maurice
  1716 | D        | Killed Maurice
  1860 | D        | Noticed a wizard
  1860 | D        | Noticed a centaur warrior
  1860 | D        | Noticed a boulder beetle
  1864 | D        | Noticed a death knight
  1867 | D        | Killed a wizard
  1867 | D        | Reached skill level 15 in Fighting
  1867 | D        | Reached skill level 18 in Long Blades
  1871 | D        | Noticed a red ugly thing
  1873 | D        | Noticed a yaktaur captain
  1878 | D        | Noticed a centaur warrior
  1883 | D        | Killed a boulder beetle
  1883 | D        | Received a gift from Okawaru
  1886 | D        | Killed a centaur warrior
  1901 | D        | Killed a death knight
  1903 | D        | Killed a red ugly thing
  1906 | D        | Killed a yaktaur captain
  1908 | D        | Killed a centaur warrior
  2004 | D        | Noticed a sphinx
  2005 | D        | Noticed a fire giant
  2019 | D        | Killed a sphinx
  2019 | D        | Reached ****** piety under Okawaru
  2019 | D        | Reached skill level 19 in Long Blades
  2019 | D        | Reached skill level 1 in Invocations
  2019 | D        | Reached XP level 12. HP: 93/124 MP: 11/11
  2023 | D        | Killed from afar by a fire giant

Illustrated notes

Levels and vault maps discovered:
D:        linesprint [early_d, line_temple, items_1, d_10, items_2, lair_1,
          lair_end, items_3, orc_1, orc_end, items_4, d_15, swamp_1, shoals_1,
          snake_1, spider_1, d_20, vaults_1, items_5, swamp_end, shoals_end,
          snake_end, spider_end, vaults_end, d_27, items_6, zot_1, zot_end,
          crypt_end, forest_end, elf_end, slime_end, tomb_end, abyss_end,
          pan_hell_end]

Skill      XL: |  1  2  3  4  5  6  7  8  9 10 11 |
---------------+----------------------------------+-----
Fighting       | 4 5 6 7 8 9 10 11 12 14 16 | 16.6
Armour         | 4 5 6 7 8 9 10 12 | 12.9
Shields        | 4 5 6 7 9 10 12 13 14 16 18 | 18.4
Long Blades    | 3 5 6 8 10 11 13 15 17 19 | 19.1
Dodging        | 1 3 4 6 8 9 |  9.8
Stealth        | 1 2 3 |  3.0
Evocations     | 1 2 |  2.8
Invocations    | 1 |  1.0

Action                   |  1- 3 |  4- 6 |  7- 9 | 10-12 || total
-------------------------+-------+-------+-------+-------++-------
Melee: Long sword        |    29 |     6 |       |       ||    35
       Headbutt          |     8 |     9 |    16 |    40 ||    73
       Scimitar          |       |    28 |    52 |   177 ||   257
Invok: Heroism           |       |       |       |     1 ||     1
Evoke: Wand              |       |       |     1 |     5 ||     6
  Use: Potion            |       |       |       |     3 ||     3
Armor: Scale mail        |     3 |     1 |       |       ||     4
       Ring mail         |       |     8 |     7 |     1 ||    16
       Plate armour      |       |       |       |    31 ||    31
Dodge: Dodged            |     3 |    15 |    12 |    42 ||    72
Block: Kite shield       |    12 |    23 |    21 |    41 ||    97
       Tower shield      |       |       |       |    39 ||    39
       Rpst.: Long sword |     1 |       |       |       ||     1
       Scimitar          |       |     2 |     3 |    15 ||    20

Table legend: (Time is in decaauts)
 A = Elapsed time spent in this place.
 B = Non-inter-level travel time spent in this place.
 C = Inter-level travel time spent in this place.
 D = Time resting spent in this place.
 E = Time spent auto-exploring this place.
 F = Levels seen in this place.
 G = Mean time per level.
                   A        B        C        D        E       F      G
               +--------+--------+--------+--------+--------+-----+--------+
         Total |   1980 |   1980 |      0 |    617 |    598 |   1 | 1980.0 |
       Dungeon |   1980 |   1980 |      0 |    617 |    598 |   1 | 1980.0 |
               +--------+--------+--------+--------+--------+-----+--------+

Top non-repeatable levels by time:
       D: 1980 daAuts
